 Dungeon Crawl Stone Soup version 0.16-a0-1573-g4dbbe55 (webtiles) character file.

735 Psiweapon the Cleaver (level 7, -1/61 HPs)
             Began as a Hill Orc Fighter on Oct 22, 2014.
             Was a Believer of Makhleb.
             Slain by an orc warrior
             ... wielding a +0 long sword
              (17 damage)
             ... on level 5 of the Dungeon.
             The game lasted 00:23:37 (4637 turns).

Psiweapon the Cleaver (Hill Orc Fighter)            Turns: 4637, Time: 00:23:37

Health: -1/61      AC:  9    Str: 20    XL:     7   Next: 74%
Magic:  13/13      EV:  5    Int:  8    God:    Makhleb [**....]
Gold:   163        SH:  9    Dex: 11    Spells: 0 memorised, 6 levels left

rFire  . . .     SeeInvis .     a - +0 war axe
rCold  . . .     Clarity  .     C - +0 chain mail
rNeg   . . .     SustAb   .     c - +0 shield (curse)
rPois  .         Gourm    +     (no helmet)
rElec  .         Spirit   .     (no cloak)
rCorr  .         Warding  .     (no gloves)
rMut   .         Stasis   .     (no boots)
MR     .....                    g - cursed amulet of the gourmand
Stlth  ..........               (no ring)
                                (no ring)

@: not resistant to hostile enchantments, extremely unstealthy
A: no striking features
a: Minor Destruction, Renounce Religion


You were on level 5 of the Dungeon.
You worshipped Makhleb.
Makhleb was pleased with you.
You were full.

You visited 1 branch of the dungeon, and saw 5 of its levels.
You also visited: Ossuary.

You collected 163 gold pieces.

Inventory:

Hand weapons
 a - a +0 war axe (weapon)
 b - a +0 hunting sling
 B - a cursed +0 flail of protection
 H - a +0 morningstar
Missiles
 f - 77 bolts
 h - 16 sling bullets
 l - 148 stones (quivered)
 p - 2 throwing nets
 x - 7 needles of frenzy
 A - 7 poisoned sling bullets
Armour
 c - a cursed +0 shield (worn)
 o - a cursed +0 scale mail
 C - a +0 chain mail (worn)
Jewellery
 g - a cursed amulet of the gourmand (around neck)
Scrolls
 i - a scroll of random uselessness {unknown}
 m - 4 scrolls of remove curse
 s - a scroll of immolation {unknown}
 t - a scroll of enchant armour {unknown}
 v - a scroll of recharging {unknown}
 w - a scroll of noise {unknown}
 y - 3 scrolls of magic mapping {unknown}
 D - a scroll of enchant weapon {unknown}
 J - a scroll of blinking {unknown}
 K - a scroll of fog {unknown}
Potions
 e - a potion of might
 j - a potion of invisibility
 k - a potion of brilliance
 r - a potion of agility
 z - a potion of restore abilities
 F - a potion of lignification
 G - a potion of curing
 I - a potion of resistance {unknown}
 L - a potion of confusion {unknown}
Comestibles
 d - a meat ration
 q - 3 beef jerkies
 u - 2 bread rations


   Skills:
 - Level 5.0 Fighting
 + Level 8.8 Axes
 + Level 3.5 Armour
 - Level 3.2 Shields
 - Level 5.1 Invocations


You had 6 spell levels left.
You didn't know any spells.

Dungeon Overview and Level Annotations

Branches:
Dungeon (5/15)
 Temple: D:4-7

Altars:
Dithmenos
Makhleb
Nemelex Xobeh


Message History

You block the orc warrior's attack.
You closely miss the orc warrior.
The orc warrior is moderately wounded.
You block the orc warrior's attack.
You hit the orc warrior but do no damage.
The orc warrior is moderately wounded.
The orc warrior hits you with a long sword!
You slash the orc warrior!
The orc warrior is severely wounded.
The orc warrior hits you with a long sword!
* * * LOW HITPOINT WARNING * * *
Drink which item? (? for menu, Esc to quit)
Okay, then.
You barely miss the orc warrior.
The orc warrior is severely wounded.
You block the orc warrior's attack.
You barely miss the orc warrior.
The orc warrior is severely wounded.
The orc warrior hits you with a long sword!
You die...

. . #.# .# #.# .#
... #.# .# .... #..
.# ..... #.# .#
##....##.# .#
.........##.######.
...>......@o.((.((.
...................#
.........#########.
.........#
.........###
...........#
########.#.#
#......#.#.# .
#.####.#.#.# #.#


You could see an orc warrior.

Vanquished Creatures
  2 phantoms (D:4)
  An ice beast (D:4)
  An ogre (D:4)
  2 hounds
  An orc priest (D:3)
  2 worker ants (D:4)
  4 mummies
  6 adders
  3 gnolls (D:2)
  A giant mite (D:3)
  5 worms
  6 orcs (D:3)
  9 bats
  5 giant cockroaches
  8 goblins
  16 hobgoblins
  6 jackals (D:4)
  A ball python (D:1)
  4 giant newts
  6 kobolds
  An orc zombie (Ossuary)
  A quokka (D:3)
  A quokka skeleton (D:4)
  3 rats
95 creatures vanquished.

Vanquished Creatures (others)
  A plant (Ossuary)
1 creature vanquished.

Grand Total: 96 creatures vanquished

Notes
Turn   | Place    | Note
--------------------------------------------------------------
     0 | D:1      | Psiweapon, the Hill Orc Fighter, began the quest for the Orb.
     0 | D:1      | Reached XP level 1. HP: 19/19 MP: 1/1
   251 | D:1      | Reached XP level 2. HP: 13/26 MP: 2/2
   641 | D:1      | Reached skill level 4 in Axes
   995 | D:1      | Reached XP level 3. HP: 31/31 MP: 3/3
  1163 | D:2      | Found a sparkling altar of Nemelex Xobeh.
  1211 | D:2      | Reached skill level 5 in Axes
  1219 | D:2      | Reached XP level 4. HP: 31/39 MP: 4/4
  1933 | D:3      | Reached skill level 6 in Axes
  1933 | D:3      | Reached XP level 5. HP: 36/47 MP: 5/5
  1982 | D:3      | Found a burning altar of Makhleb.
  1993 | D:3      | Became a worshipper of Makhleb the Destroyer
  2120 | D:3      | Reached skill level 5 in Fighting
  2692 | D:3      | Reached skill level 1 in Invocations
  2757 | D:3      | Acquired Makhleb's first power
  3179 | D:4      | Reached XP level 6. HP: 54/56 MP: 7/7
  3197 | D:4      | Noticed a phantom
  3221 | D:4      | Killed a phantom
  3221 | D:4      | Reached skill level 7 in Axes
  3443 | D:4      | Noticed an ogre
  3444 | D:4      | Noticed a phantom
  3451 | D:4      | Killed an ogre
  3451 | D:4      | Reached XP level 7. HP: 54/61 MP: 10/12
  3497 | D:4      | Killed a phantom
  3497 | D:4      | Reached skill level 8 in Axes
  3665 | D:4      | Found a shadowy altar of Dithmenos.
  3667 | D:4      | Noticed an ice beast
  3679 | D:4      | Killed an ice beast
  3679 | D:4      | Reached skill level 5 in Invocations
  4083 | D:5      | Entered Level 5 of the Dungeon
  4129 | D:5      | Found a sand-covered staircase.
  4186 | Ossuary  | Entered an ossuary
  4226 | Ossuary  | Acquired Makhleb's second power
  4637 | D:5      | Slain by an orc warrior

Action                   |  1- 3 |  4- 6 |  7- 9 || total
-------------------------+-------+-------+-------++-------
Melee: War axe           |    83 |   130 |    77 ||   290
 Fire: Hunting sling     |    23 |    45 |     5 ||    73
Throw: Throwing net      |       |     2 |       ||     2
       Tomahawk          |       |     1 |     6 ||     7
  Use: Scroll            |       |     8 |       ||     8
       Potion            |       |       |     2 ||     2
  Eat: Chunk             |    14 |     7 |     3 ||    24
